 Dungeon Crawl Stone Soup version 0.30.1-4-g462c640d31 (webtiles) character file.

Game seed: 16242432080419926752

480 HagarQim the Conjurer (level 6, -8/47 (48) HPs)
             Began as a Draconian Conjurer on Sept 12, 2023.
             Was an Initiate of Sif Muna.
             Mangled by Duvessa
             ... wielding a +1 short sword of speed
              (9 damage)
             ... on level 4 of the Dungeon.
             The game lasted 00:11:41 (4142 turns).

HagarQim the Conjurer (Draconian Conjurer)          Turns: 4142, Time: 00:11:42

HP:   -8/47 (48)    AC:  6    Str: 16    XL:     6   Next: 86%
MP:   2/10          EV: 12    Int: 21    God:    Sif Muna [......]
Gold: 160           SH:  0    Dex:  9    Spells: 8/11 levels left

rFire   . . .        r - +5 mace of the Stopping Gods {pain, rElec rPois Str+7}
rCold   . . .        (no shield)
rNeg    . . .        (body armour unavailable)
rPois   +            (helmet restricted)
rElec   +            (no cloak)
rCorr   .            (no gloves)
SInv    .            (no boots)
Will    .....        (no amulet)
Stlth   ++           (no ring)
HPRegen 0.27/turn    (no ring)
MPRegen 0.12/turn

%: no passive effects
@: lightly drained
A: AC +6, unfitting armour, cold-blooded
a: Renounce Religion


You were on level 4 of the Dungeon.
You worshipped Sif Muna.
Sif Muna was noncommittal.
You visited 1 branch of the dungeon, and saw 4 of its levels.

You collected 160 gold pieces.

Inventory:

Hand Weapons
 b - a +0 club
 c - a +0 dagger
 n - a +1 whip of pain
 r - the +5 mace of the Stopping Gods (weapon) {pain, rElec rPois Str+7}
   (You found it on level 2 of the Dungeon)

   Str:       It affects your strength (+7).
   rElec:     It insulates you from electricity.
   rPois:     It protects you from poison.
Scrolls
 d - a scroll of teleportation {unknown}
 e - a scroll of vulnerability {unknown}
 f - a scroll of brand weapon {unknown}
 g - a scroll of noise
 h - a scroll of immolation {unknown}
 j - a scroll of magic mapping {unknown}
 l - a scroll of butterflies {unknown}
 s - 2 scrolls of fear {unknown}
 u - 2 scrolls of fog {unknown}
Potions
 a - a potion of magic
 i - a potion of brilliance
 k - 2 potions of curing
 m - a potion of mutation
 o - 2 potions of flight
 p - a potion of haste {unknown}
 q - 3 potions of heal wounds
 t - a potion of berserk rage {unknown}


   Skills:
 * Level 2.3 Fighting
 - Level 0.5 Short Blades
 * Level 3.3 Maces & Flails
 + Level 3.2 Dodging
 + Level 2.6 Stealth
 * Level 3.1 Spellcasting
 * Level 5.1 Conjurations


You had 8 spell levels left.
You knew the following spells:

 Your Spells              Type           Power      Damage    Failure   Level
a - Magic Dart            Conj           96%        1d7       1%          1
b - Searing Ray           Conj           48%        2d6       2%          2

Your spell library contained the following spells:

 Spells                   Type           Power      Damage    Failure   Level
 Summon Small Mammal      Summ           12%        N/A       13%         1
 Dazzling Flash           Conj/Hex       28%        N/A       14%         3
 Call Canine Familiar     Summ           3%         N/A       36%         3
 Summon Guardian Golem    Hex/Summ       3%         N/A       36%         3
 Fulminant Prism          Conj/Hex       7%         3d6       41%         4
 Iskenderun's Mystic Bla  Conj/Tloc      14%        2d5       41%         4


Dungeon Overview and Level Annotations

Branches:
Dungeon (4/15)
 Temple: D:4-7

Altars:
Sif Muna
Wu Jian

Shops:
D:4 =

Annotations:
D:4 Duvessa


Innate Abilities, Weirdness & Mutations

Your plain brown scales are hard. (AC +6)
You cannot fit into any form of body armour.
You are cold-blooded and may be slowed by cold attacks.


Message History

Aiming: Searing Ray (safe; 2% risk of failure)
Press: ? - help, Shift-Dir - straight line, f/p - Duvessa
Aim: Duvessa, wielding a +1 short sword of speed and wearing a +0 ring mail (moderately wounded, 85% to hit)
Okay, then.
Unknown command.
Unknown command.
Dowan attacks as you move away! Dowan hits you but does no damage.
You feel drained.
Duvessa says, "My weaknesses are his strengths!"
Duvessa attacks as you move away! Duvessa barely misses you.
Dowan attacks as you move away! Dowan hits you but does no damage.
You feel drained.
There is an open door here.
Casting: Searing Ray (safe; 2% risk of failure)
Confirm with . or Enter, or press ? or * to list all spells.
Aiming: Searing Ray (safe; 2% risk of failure)
Press: ? - help, Shift-Dir - straight line, f - Dowan, p - Duvessa
Aim: Dowan, wielding a +2 dagger of draining and wearing a +0 robe (severely wounded, 71% to hit)
The searing ray misses Duvessa.
The searing ray hits Dowan!
You kill Dowan!
Sif Muna accepts your kill.
Duvessa screams, "No!
How DARE you!"
Duvessa goes berserk! (Press . to maintain the ray.) Duvessa hits you with a +1 short sword of speed!
The searing ray misses Duvessa.
Duvessa hits you with a +1 short sword of speed! x2
* * * LOW HITPOINT WARNING * * *
Duvessa misses you.
The searing ray hits Duvessa but does no damage.
Duvessa is lightly wounded.
Duvessa hits you with a +1 short sword of speed!
* * * LOW HITPOINT WARNING * * *
Duvessa barely misses you.
Unknown command.
As you read the scroll labelled BITYLI BYSCHUA, it crumbles to dust.
You hear a loud clanging noise!
It was a scroll of noise.
Duvessa misses you.
Duvessa hits you with a +1 short sword of speed!
You die...

...#..'......#......+......†..'..
####.##......#......##.......##..
.^...#.......#.......#.......#...
..##.#.......'.......####+####...
..##.#.......#.......#.......#...
.....##......#......##.......##..
####..+.)....#......+.........'..
...#..##...#####...##.........##.
...#...#.#+#...#@#.#...........#.
...#.#####......e### #......†####
...# ........)..# #+#...#'#.#.
.### #.........## #####...## .#
+.........'......#......' .#
##.......##......#......# .#
#.......# ......#.......
####+#### .....+.......
.....#.......


You could see Duvessa (berserk).

Vanquished Creatures
  Menkaure (D:4)
  An ice beast (D:4)
  Dowan (D:4)
  Jessica (D:2)
  3 iguanas (D:4)
  An adder (D:4)
  An ufetubus (D:4)
  3 dart slugs (D:2)
  An orc (D:3)
  8 bats
  8 endoplasms
  4 giant cockroaches
  7 goblins
  11 hobgoblins
  7 jackals
  7 quokkas
  9 ball pythons
  3 frilled lizards
  7 kobolds
  3 rats
87 creatures vanquished.

Notes
Turn   | Place    | Note
-------+----------+-------------------------------------------
     0 | D:1      | HagarQim the Draconian Conjurer began the quest for the
                  | Orb.
     0 | D:1      | Reached XP level 1. HP: 14/14 MP: 3/3
   154 | D:1      | Reached XP level 2. HP: 19/20 MP: 0/5
   157 | D:1      | Learned a level 2 spell: Searing Ray
  1206 | D:1      | Reached XP level 3. HP: 26/26 MP: 2/6
  1787 | D:2      | Noticed Jessica
  1807 | D:2      | Killed Jessica
  1857 | D:2      | Reached XP level 4. HP: 34/34 MP: 7/7
  2055 | D:2      | Identified the +5 mace of the Stopping Gods {pain, rElec
                  | rPois Str+7}
  2172 | D:2      | Found an ornate altar of the Wu Jian Council.
  2733 | D:3      | Found a shimmering blue altar of Sif Muna.
  2740 | D:3      | Reached skill level 1 in Maces & Flails
  2768 | D:3      | Became a worshipper of Sif Muna the Loreminder
  3282 | D:4      | Reached skill level 1 in Fighting
  3405 | D:4      | Found Offerid's Jewellery Boutique.
  3415 | D:4      | Reached XP level 5. HP: 3/40 MP: 2/9
  3657 | D:4      | Noticed Menkaure
  3672 | D:4      | Killed Menkaure
  3673 | D:4      | Reached XP level 6. HP: 29/48 MP: 2/10
  3774 | D:4      | Noticed an ice beast
  3783 | D:4      | Killed an ice beast
  3784 | D:4      | Reached skill level 5 in Conjurations
  4128 | D:4      | Noticed Duvessa
  4128 | D:4      | Noticed Dowan
  4139 | D:4      | Killed Dowan
  4141 | D:4      | HP: 1/47 [Duvessa/+1 short sword of speed (9)]
  4142 | D:4      | Mangled by Duvessa

Illustrated notes

Levels and vault maps discovered:
D:1:      amcnicky_arrival_blooded_trapdoor, layout_basic, minmay_crystal_room
D:2:      layout_loops_ring, basic_altar, serial_forest,
          infiniplex_forest_split, infiniplex_forest_straight_3,
          infiniplex_forest_lined_3, infiniplex_forest_clump_diagonal,
          infiniplex_forest_lined_3, infiniplex_forest_straight_4,
          infiniplex_forest_straight_3, uniq_jessica
D:3:      layout_loops_cross, mainiacjoe_overflow_catwalk
D:4:      nicolae_cairo_tiling_very_big, layout_gridville,
          nicolae_overflow_hallway_of_the_gods, serial_shops, shop,
          uniq_menkaure, uniq_duvessa

Skill      XL: |  1  2  3  4  5  6 |
---------------+-------------------+-----
Dodging        | 2 3 |  3.2
Stealth        | 2 |  2.6
Maces & Flails | 1 2 3 |  3.3
Fighting       | 1 2 |  2.3
Spellcasting   | 3 |  3.1
Conjurations   | 5 |  5.1
Short Blades   | |  0.5

Action                     |  1- 3 |  4- 6 || total
---------------------------+-------+-------++-------
  Melee: Dagger            |    71 |       ||    71
         Unarmed           |     8 |       ||     8
         Tailslap          |    10 |     7 ||    17
         Whip              |    15 |    21 ||    36
         Punch             |     1 |     1 ||     2
         Mace              |       |    87 ||    87
   Cast: Magic Dart        |    44 |     3 ||    47
         Searing Ray       |       |    10 ||    10
    Use: Scroll            |       |     6 ||     6
   Stab: Sleeping          |       |     5 ||     5
 Armour: Skin              |    47 |    35 ||    82
  Dodge: Dodged            |    75 |   100 ||   175
